 Dungeon Crawl Stone Soup version 0.32-a0-314-g526f7d4993 (webtiles) character file.

Game seed: 14725265143110001674

14694 ezpacito the Cleaver (level 11, -21/86 HPs)
             Began as a Demonspawn Berserker on Feb 15, 2024.
             Was an Elder of Trog.
             Demolished by a reaper
             ... wielding a -4 scythe of freezing
              (26 damage)
             ... in an ice cave.
             The game lasted 00:13:48 (8857 turns).

ezpacito the Cleaver (Demonspawn Berserker)         Turns: 8857, Time: 00:13:48

Health: -21/86     AC: 27    Str: 20    XL:     11   Next: 92%
Magic:  0/2        EV:  8    Int:  7    God:    Trog [****..]
Gold:   629        SH:  5    Dex: 13    Spells: 10/10 levels left

rFire   + . .        D - +3 flail of Valour {freeze, rF+ Stlth+}
rCold   + + +        T - +1 buckler {rC+}
rNeg    . . .        j - +5 plate armour of the Gusle {Will+ Regen+ MP-9}
rPois   .            (no helmet)
rElec   .            E - scarf "Xacel" {rC+ rF+, Harm Will+ Regen+ Str-2}
rCorr   .            (no gloves)
SInv    .            q - +2 pair of boots
Will    ++++.        y - amulet of faith Stlth
                     i - +4 ring of protection
HPRegen 2.94/turn    J - ring of ice
MPRegen 0.16/turn

%: harm (+30% outgoing, +20% incoming), guardian spirit, faith
@: strong-willed, on berserk cooldown, regenerating, slowed, invisible, very
slow
A: claws 2, magic shield, magic regeneration, sharp scales 2
a: Renounce Religion, Berserk, Trog's Hand, Brothers in Arms


You were in an ice cave.
You worshipped Trog.
Trog was greatly pleased with you.
You visited 2 branches of the dungeon, and saw 12 of its levels.
You also visited: Ice Cave.

You collected 629 gold pieces.

Inventory:

Hand Weapons
 B - a +1 war axe
 D - the +3 flail of Valour (weapon) {freeze, rF+ Stlth+}
   (You found it on level 8 of the Dungeon)

   rF+:       It protects you from fire.
   Stlth+:    It makes you more stealthy.
 G - a +1 trident of flaming
 K - a +0 scimitar of flaming
 Q - a +0 battleaxe
 S - a +5 whip of freezing
Missiles
 n - 36 poisoned darts (quivered)
 o - 60 stones
 r - a throwing net
 u - 17 boomerangs
 z - a curare-tipped dart
 N - 4 atropa-tipped darts
Armour
 j - the +5 plate armour of the Gusle (worn) {Will+ Regen+ MP-9}
   (You found it on level 7 of the Dungeon)

   Will+:     It increases your willpower.
   MP-9:      It affects your magic capacity (-9).
   Regen+:    It increases your rate of health regeneration.
 q - a +2 pair of boots (worn)
 C - +1 steam dragon scales
 E - the scarf "Xacel" (worn) {rC+ rF+, Harm Will+ Regen+ Str-2}
   (You acquired it on level 9 of the Dungeon)

   Str-2:     It affects your strength (-2).
   Will+:     It increases your willpower.
   Regen+:    It increases your rate of health regeneration.
   Harm:      It increases damage dealt and taken.
 P - a +0 plate armour
 T - a +1 buckler of cold resistance (worn)
Jewellery
 c - a +4 ring of protection
 i - a +4 ring of protection (left claw)
 v - a +4 ring of protection
 y - an amulet of faith (around neck)
 F - an amulet of the acrobat
 J - a ring of ice (right claw)
 M - a ring of ice
Talismans
 L - a blade talisman
 R - a maw talisman
Wands
 m - a wand of flame (32)
 A - a wand of mindburst (10)
 H - a wand of charming (6)
Scrolls
 b - a scroll of silence
 h - 3 scrolls of teleportation
 O - a scroll of poison
Potions
 a - 3 potions of berserk rage
 e - 3 potions of lignification
 g - 2 potions of resistance {unknown}
 k - a potion of ambrosia {unknown}
 l - a potion of enlightenment {unknown}
 p - 2 potions of curing {unknown}
 s - a potion of cancellation {unknown}
 t - a potion of degeneration {unknown}
 w - 3 potions of mutation {unknown}
 x - 2 potions of attraction {unknown}
 I - a potion of brilliance {unknown}


   Skills:
 * Level 8.0 Fighting
 * Level 9.8(10.5) Axes
 + Level 5.4(8.3) Maces & Flails
 + Level 1.7(6.4) Polearms
 * Level 6.9 Armour
 * Level 6.2 Dodging
 * Level 5.8 Stealth
 + Level 0.1 Shields
 * Level 5.3 Unarmed Combat
 * Level 3.5 Evocations


You had 10 spell levels left.
You didn't know any spells.
Your spell library contained the following spells:

 Spells                   Type           Power      Damage    Failure   Level
 Apportation              Tloc           0%         N/A       100%        1
 Magic Dart               Conj           0%         1d3       100%        1
 Necrotise                Necr           0%         1d4       100%        1
 Sting                    Conj/Alch      0%         1d3       100%        1
 Summon Small Mammal      Summ           0%         N/A       100%        1
 Blink                    Tloc           0%         N/A       100%        2
 Call Imp                 Summ           0%         N/A       100%        2
 Fugue of the Fallen      Necr           0%         N/A       100%        3
 Ozocubu's Armour         Ice            0%         N/A       100%        3
 Cause Fear               Hex            0%         N/A       100%        4
 Manifold Assault         Tloc           0%         N/A       100%        4
 Fireball                 Conj/Fire      0%         3d3       100%        5
 Dragon's Call            Summ           0%         N/A       100%        9


Dungeon Overview and Level Annotations

Branches:
Dungeon (11/15)            Temple (1/1) D:4            Lair (0/5) D:10
  IceCv (1/1)
    Orc: D:9-12

Altars:
Ashenzari
Cheibriados
Dithmenos
Fedhas
Gozag
Hepliaklqana
Kikubaaqudgha
Makhleb
Nemelex Xobeh
Okawaru
Qazlal
Ru
Sif Muna
Trog
Uskayaw
Vehumet
Wu Jian
Xom
Yredelemnul


Innate Abilities, Weirdness & Mutations

You have very sharp fingernails.
When hurt, damage is shared between your health and your magic reserves.
You regenerate magic rapidly.
You are mostly covered in razor-sharp scales. (AC +2, Slay +2)


Message History

You feel strong-willed. You resist. The reaper hits you but does no damage.
Okay, then.
Aiming: Mindburst
Press: ? - help, Shift-Dir - straight line, f - reaper
Aim: a reaper, wielding a -4 scythe of freezing, wearing a +1 robe of cold resistance and wearing a ring of ice (freezing vapour, chance to affect: 15%)
Okay, then.
Okay, then.
You feel much better. You resist.
The reaper hits you with a -4 scythe of freezing!
The reaper drags you backwards! The reaper freezes you.
The reaper hits you but does no damage.
You feel much better. You resist.
The reaper hits you with a -4 scythe of freezing!!
The reaper drags you backwards!
You hit the reaper but do no damage. You resist. You block the reaper's attack.
The reaper hits you with a -4 scythe of freezing!!
* * * LOW HITPOINT WARNING * * *
The reaper drags you backwards! The reaper freezes you.
* * * LOW HITPOINT WARNING * * *
You barely miss the reaper.
The reaper hits you with a -4 scythe of freezing!!
* * * LOW HITPOINT WARNING * * *
The reaper drags you backwards! The reaper freezes you.
* * * LOW HITPOINT WARNING * * *
Unknown command.
You barely miss the reaper.
The reaper hits you with a -4 scythe of freezing.
* * * LOW HITPOINT WARNING * * *
The reaper drags you backwards!
A naga simulacrum and a death yak simulacrum come into view.
The reaper hits you but does no damage.
Found a tower shield of cold resistance and a broad axe of freezing.
Okay, then.
Okay, then.
Okay, then.
Your ogre goes berserk!
Trog will no longer gift you weapons.
The reaper hits you with a -4 scythe of freezing!!
You die...

.##
..###......##..#....
..##
....##......##...°..
...#
........#°..........
...#
...###.°#..###.....#
..## #
#°.§.#.....#..###
..##
#.§§#..#.....####
...## ##.##○....####
∩...# ###.§O..##
....# ###@### ∩..##
#.)...Z2....[.# ..##
#...##?=$##.Z.# ###
## ##### ##


You could see a reaper (ally target), a death yak simulacrum (wandering, unable
to see you), a naga simulacrum (wandering, unable to see you) and a friendly
ogre (summoned, berserk).

Vanquished Creatures
  Fannar (D:10)
  The ghost of DeathSocks the Cleaver, a novice MDFi of Uskayaw (D:8)
  2 two-headed ogres (D:10)
  Erica (D:9)
  An ugly thing (D:9)
  A cyclops (D:11)
  Joseph (D:10)
  2 ice statues (IceCv)
  A gargoyle (D:11)
  A rime drake (D:10)
  4 ice devils (IceCv)
  A polar bear (D:10)
  Grinder (D:6)
  Sigmund (D:3)
  A vampire (D:9)
  12 yaks
  Grum (D:9)
  2 wyverns (D:9)
  A death yak simulacrum (IceCv)
  A steam dragon (D:6)
  4 harpy simulacra (IceCv)
  Edmund (D:6)
  2 water moccasins (D:5)
  A sky beast (D:7)
  2 ice beasts (D:10)
  4 orc warriors
  2 black bears (D:5)
  3 ogres
  2 wolves (D:9)
  3 centaurs
  3 phantoms
  2 kobold brigands
  3 bullfrogs
  2 scorpions
  A gnoll sergeant (D:10)
  3 two-headed ogre simulacra (IceCv)
  7 wights
  8 killer bees
  2 elephant simulacra (IceCv)
  3 howler monkeys (D:9)
  2 orc priests
  2 gnoll boudas
  6 jellies
  3 sleepcaps
  2 iguanas
  8 orc wizards
  Natasha (thrice) (D:2)
  3 troll simulacra (IceCv)
  A polar bear simulacrum (IceCv)
  2 spriggan simulacra (IceCv)
  7 adders
  A naga simulacrum (IceCv)
  13 gnolls
  6 white imps
  4 ufetubi
  4 dart slugs
  A ribbon worm (D:2)
  25 orcs
  3 ball pythons
  2 endoplasms (D:1)
  2 giant cockroaches
  7 goblins
  5 hobgoblins
  7 jackals
  7 quokkas
  2 bats
  3 frilled lizards (D:3)
  17 kobolds
  4 rats
247 creatures vanquished.

Notes
Turn   | Place    | Note
-------+----------+-------------------------------------------
     0 | D:1      | ezpacito the Demonspawn Berserker began the quest for the
                  | Orb.
     0 | D:1      | Reached XP level 1. HP: 18/18 MP: 1/1
   208 | D:1      | Gained mutation: You are partially covered in razor-sharp
                  | scales. (AC +1, Slay +1) [demonic ancestry]
   208 | D:1      | Reached XP level 2. HP: 20/24 MP: 2/2
   307 | D:1      | Reached skill level 3 in Axes
   430 | D:1      | Gained mutation: You regenerate magic rapidly. [demonic
                  | ancestry]
   430 | D:1      | Reached XP level 3. HP: 24/29 MP: 3/3
  1016 | D:2      | Noticed Natasha
  1026 | D:2      | Killed Natasha
  1027 | D:2      | Gained mutation: When hurt, damage is shared between your
                  | health and your magic reserves. [demonic ancestry]
  1027 | D:2      | Reached XP level 4. HP: 17/37 MP: 4/4
  1152 | D:2      | Noticed Natasha
  1160 | D:2      | Killed Natasha
  1161 | D:2      | Reached skill level 1 in Stealth
  1234 | D:2      | Reached ** piety under Trog
  1571 | D:2      | Noticed Natasha
  1581 | D:2      | Killed Natasha
  1582 | D:2      | Reached XP level 5. HP: 24/42 MP: 3/5
  1673 | D:2      | Reached skill level 4 in Axes
  2027 | D:3      | Found a faded altar of an unknown god.
  2036 | D:3      | Reached skill level 1 in Unarmed Combat
  2136 | D:3      | Noticed Sigmund
  2160 | D:3      | Killed Sigmund
  2161 | D:3      | Reached XP level 6. HP: 39/48 MP: 6/6
  2754 | D:4      | Reached skill level 5 in Axes
  2754 | D:4      | Gained mutation: You have sharp fingernails. [demonic
                  | ancestry]
  2754 | D:4      | Reached XP level 7. HP: 55/55 MP: 7/7
  3684 | D:4      | Found a staircase to the Ecumenical Temple.
  3701 | Temple   | Entered the Ecumenical Temple
  3757 | D:5      | Entered Level 5 of the Dungeon
  3950 | D:5      | Reached skill level 6 in Axes
  3950 | D:5      | Reached XP level 8. HP: 60/61 MP: 8/8
  4325 | D:5      | Reached skill level 5 in Fighting
  4406 | D:6      | Noticed Edmund
  4416 | D:6      | Killed Edmund
  4590 | D:6      | Noticed Grinder
  4595 | D:6      | Paralysed by Grinder for 4 turns
  4631 | D:6      | Killed Grinder
  4738 | D:6      | Found an iron altar of Okawaru.
  4745 | D:6      | Reached skill level 7 in Axes
  4755 | D:6      | Gained mutation: You have very sharp fingernails. [demonic
                  | ancestry]
  4755 | D:6      | Reached XP level 9. HP: 68/68 MP: 9/9
  5396 | D:7      | Identified the +5 plate armour of the Gusle {Will+ Regen+
                  | MP-9}
  5518 | D:7      | Reached skill level 8 in Axes
  5522 | D:7      | Found a basalt altar of Yredelemnul.
  5595 | D:7      | Reached *** piety under Trog
  5702 | D:7      | Found an opulent altar of Gozag.
  5717 | D:7      | Reached skill level 5 in Armour
  5976 | D:8      | Identified the +3 flail of Valour {freeze, rF+ Stlth+}
  6043 | D:8      | Gained mutation: You are mostly covered in razor-sharp
                  | scales. (AC +2, Slay +2) [demonic ancestry]
  6043 | D:8      | Reached XP level 10. HP: 68/77 MP: 1/10
  6049 | D:8      | Reached skill level 9 in Axes
  6275 | D:8      | Reached skill level 1 in Maces & Flails
  6401 | D:8      | Found a large runed translucent door.
  6401 | D:8      | Found a large runed translucent door.
  6405 | D:8      | Noticed DeathSocks's ghost (novice MDFi)
  6738 | D:8      | Killed DeathSocks's ghost
  6739 | D:8      | Reached skill level 5 in Dodging
  6789 | D:9      | Reached skill level 1 in Evocations
  6893 | D:9      | Found a burning altar of Makhleb.
  6950 | D:9      | Reached **** piety under Trog
  7087 | D:9      | Found a shadowy altar of Dithmenos.
  7088 | D:9      | Found a hazy altar of Hepliaklqana.
  7121 | D:9      | Found a broken altar of Ashenzari.
  7145 | D:9      | Noticed Grum
  7152 | D:9      | Reached skill level 5 in Stealth
  7156 | D:9      | Killed Grum
  7208 | D:9      | Found a sacrificial altar of Ru.
  7276 | D:9      | Noticed Erica
  7286 | D:9      | Killed Erica
  7287 | D:9      | Reached XP level 11. HP: 80/84 MP: 2/11
  7495 | D:9      | Noticed a cyan ugly thing
  7513 | D:9      | Killed a cyan ugly thing
  7603 | D:9      | Identified a scroll of acquirement
  7604 | D:9      | Acquired the scarf "Xacel" {rC+ rF+, Harm Will+ Regen+
                  | Str-2}
  7637 | D:10     | Entered Level 10 of the Dungeon
  7678 | D:10     | Found a staircase to the Lair.
  7705 | D:10     | Noticed Joseph
  7726 | D:10     | Killed Joseph
  7907 | D:10     | Noticed Fannar
  7924 | D:10     | Killed Fannar
  7956 | D:10     | Noticed a two-headed ogre
  7963 | D:10     | Killed a two-headed ogre
  7982 | D:10     | Noticed a two-headed ogre
  7990 | D:10     | Killed a two-headed ogre
  8264 | D:10     | Reached skill level 5 in Unarmed Combat
  8491 | D:11     | Reached skill level 5 in Maces & Flails
  8513 | D:11     | Found a frozen archway.
  8532 | IceCv    | Entered an ice cave
  8613 | IceCv    | Reached ***** piety under Trog
  8650 | IceCv    | Reached skill level 1 in Polearms
  8831 | IceCv    | Noticed a reaper
  8855 | IceCv    | HP: 2/86 [reaper/-4 scythe of freezing (21)]
  8857 | IceCv    | Demolished by a reaper

Illustrated notes

Levels and vault maps discovered:
D:1:      lightli_arrival_chessboard, layout_loops_corners
D:2:      layout_basic, nrook_mini_vaults, uniq_natasha
D:3:      layout_rooms, lemuel_crystal_altar,
          ebering_ecumenical_altar_sacrificial, uniq_sigmund
D:4:      layout_loops_ring, minmay_temple_entry_poolview, eino_tiny_chamber,
          minmay_hedge_maze, chequers_serial_rivers_small_b
D:5:      layout_rooms
D:6:      wander_river, layout_cave_pools, mainiacjoe_overflow_tiny_flanked,
          uniq_grinder, uniq_edmund
D:7:      layout_basic, mainiacjoe_overflow_catch_the_wave, serial_glass,
          glass_columns_a, glass_columns_c
D:8:      layout_gridville, ebering_ghost_disaster_area
D:9:      layout_roguey, riverfiend_overflow_shadow_ancestor,
          nicolae_ru_sacrificial_ziggurat, mainiacjoe_overflow_surrounded_room,
          chequers_temple_overflow_statue_of_worship, moated_statue,
          serial_bayou_pond_b, uniq_grum, uniq_erica
D:10:     layout_gridville, nicolae_overflow_crystal_walls,
          hellmonk_lair_entry_icy, uniq_fannar, uniq_joseph
D:11:     layout_rooms, portal_ice_cave_entry_pillars_1, uniq_erolcha
Temple:   bh_familiar_temple
IceCv:    ice_cave_small_demon

Skill      XL: |  1  2  3  4  5  6  7  8  9 10 11 |
---------------+----------------------------------+-----
Axes           | 3 4 5 6 7 8 9 |  9.8
Armour         | 2 3 4 5 6 |  6.9
Dodging        | 2 3 4 5 6 |  6.2
Stealth        | 1 2 3 4 5 |  5.8
Unarmed Combat | 1 2 3 4 5 |  5.3
Fighting       | 4 5 6 7 8 |  8.0
Maces & Flails | 3 5 |  5.4
Evocations     | 2 3 |  3.5
Polearms       | 1 |  1.7
Shields        | |  0.1

Action                     |  1- 3 |  4- 6 |  7- 9 | 10-12 || total
---------------------------+-------+-------+-------+-------++-------
  Melee: Hand axe          |    59 |   139 |   287 |       ||   485
         War axe           |       |       |   134 |       ||   134
         Flail             |       |       |     5 |   441 ||   446
         Trident           |       |       |       |    56 ||    56
 Invoke: Berserk           |     1 |     3 |    14 |    10 ||    28
         Trog's Hand       |       |       |     2 |     2 ||     4
         Brothers in Arms  |       |       |       |     1 ||     1
    Use: Scroll            |       |     8 |     6 |     5 ||    19
         Potion            |       |       |       |     5 ||     5
   Stab: Sleeping          |     1 |     1 |       |       ||     2
 Armour: Animal skin       |    32 |    47 |       |       ||    79
         Scale mail        |       |    43 |   201 |       ||   244
         Plate armour      |       |       |   120 |   701 ||   821
         Steam dragon scal |       |       |    23 |       ||    23
  Dodge: Dodged            |    34 |    91 |   215 |   236 ||   576
  Block: Buckler           |       |       |       |    13 ||    13

Table legend: (Time is in decaauts)
 A = Elapsed time spent in this place.
 B = Non-inter-level travel time spent in this place.
 C = Inter-level travel time spent in this place.
 D = Time resting spent in this place.
 E = Time spent auto-exploring this place.
 F = Levels seen in this place.
 G = Mean time per level.
                   A        B        C        D        E       F      G
               +--------+--------+--------+--------+--------+-----+--------+
         Total |   9137 |   8681 |    456 |    283 |   6070 |  13 |  702.8 |
       Dungeon |   8781 |   8325 |    456 |    245 |   5970 |  11 |  798.3 |
        Temple |     21 |     21 |      0 |      0 |     19 |   1 |   21.0 |
      Ice Cave |    334 |    334 |      0 |     38 |     81 |   1 |  334.0 |
               +--------+--------+--------+--------+--------+-----+--------+

Top non-repeatable levels by time:
     D:4: 1053 daAuts
     D:2: 1037 daAuts
     D:1: 1033 daAuts
     D:9: 893 daAuts
     D:6: 864 daAuts
     D:8: 844 daAuts
    D:10: 784 daAuts
     D:7: 773 daAuts
     D:3: 687 daAuts
     D:5: 675 daAuts
   IceCv: 334 daAuts
    D:11: 133 daAuts
  Temple: 21 daAuts
